 Dungeon Crawl Stone Soup version 0.17.0-28-g6e173f8 (webtiles) character file.

117 dohliylev the Covert (level 4, -10/33 HPs)
             Began as a Vampire Assassin on Nov 29, 2015.
             Mangled by shane's ghost (15 damage)
             ... on level 3 of the Dungeon.
             The game lasted 00:09:33 (1991 turns).

dohliylev the Covert (Vampire Assassin)             Turns: 1991, Time: 00:09:33

Health: -10/33     AC:  3    Str: 10    XL:     4   Next: 71%
Magic:  4/4        EV: 12    Int: 13    God:
Gold:   88         SH:  0    Dex: 16    Spells: 0 memorised, 3 levels left

rFire  . . .     SeeInvis +     a - +2 dagger
rCold  . . .     Clarity  .     c - +0 robe
rNeg   + . .     SustAt   .     (no shield)
rPois  .         Gourm    .     (no helmet)
rElec  .         Spirit   .     d - +0 cloak
rCorr  .         Warding  .     (no gloves)
rMut   .         Stasis   .     (no boots)
MR     .....                    (no amulet)
Stlth  +++++.....               (no ring)
                                j - ring of positive energy

@: regenerating quickly, not resistant to hostile enchantments, quite stealthy
A: fangs 3, see invisible, unbreathing
a: no special abilities


You were on level 3 of the Dungeon.
You were very full.

You visited 1 branch of the dungeon, and saw 3 of its levels.

You collected 88 gold pieces.

Inventory:

Hand Weapons
 a - a +2 dagger (weapon)
 b - a +0 blowgun
 i - a +1 dagger of speed
Missiles
 e - 8 poisoned needles
 f - 2 curare-tipped needles
Armour
 c - a +0 robe (worn)
 d - a +0 cloak (worn)
 m - a +2 cloak
 n - a +0 buckler
Jewellery
 j - a ring of positive energy (left hand)
Scrolls
 h - 2 scrolls of identify {unknown}
 o - a scroll of blinking {unknown}
 p - a scroll of teleportation {unknown}
 q - a scroll of remove curse {unknown}
Potions
 g - 12 potions of blood
 k - a potion of degeneration {unknown}
 l - a potion of resistance {unknown}


   Skills:
 - Level 1.7 Fighting
 - Level 2.1 Short Blades
 - Level 1.5 Throwing
 - Level 1.1 Dodging
 * Level 9.3 Stealth


You had 3 spell levels left.
You didn't know any spells.

Dungeon Overview and Level Annotations

Branches:
Dungeon (3/15)

Altars:
Cheibriados
Elyvilon
Nemelex Xobeh
Okawaru
Sif Muna
Xom
The Shining One

Annotations:
D:3 shane's ghost, amateur DsGl


Innate Abilities, Weirdness & Mutations

Your natural rate of healing is unusually fast.
You have razor-sharp teeth.
You have supernaturally acute eyesight.
You can survive without breathing.


Message History

You hit shane's ghost but do no damage.
Shane's ghost is lightly damaged.
Shane's ghost misses you.
You hit shane's ghost but do no damage.
Shane's ghost is lightly damaged.
Shane's ghost hits you.
You hit shane's ghost but do no damage. Your bite misses shane's ghost.
Shane's ghost is lightly damaged.
Shane's ghost hits you!
* * * LOW HITPOINT WARNING * * *
You hit shane's ghost.
Shane's ghost is lightly damaged.
You hit shane's ghost but do no damage.
Shane's ghost is lightly damaged.
Shane's ghost hits you but does no damage.
You barely miss shane's ghost.
Shane's ghost is lightly damaged.
Shane's ghost misses you. Shane's ghost hits you!
You die...

##.# #.#.# #.#.# #.#.#
.. #.#.# #####....
#.#.# #..>...... #.#.#
#.# ...
#.#.##########W###.....
#.....>........@.....#
######################


You could see shane's ghost.

Vanquished Creatures
  5 adders
  A worm (D:3)
  2 giant geckos (D:2)
  4 orcs (D:3)
  A ball python (D:2)
  7 bats
  8 goblins
  5 hobgoblins
  5 jackals (D:1)
  9 kobolds
  3 giant cockroaches
  4 giant newts
  9 rats
63 creatures vanquished.

Notes
Turn   | Place    | Note
--------------------------------------------------------------
     0 | D:1      | dohliylev the Vampire Assassin began the quest for the Orb.
     0 | D:1      | Reached XP level 1. HP: 16/16 MP: 1/1
    16 | D:1      | Reached skill level 6 in Stealth
    73 | D:1      | Reached XP level 2. HP: 6/22 MP: 2/2
   229 | D:1      | Reached skill level 7 in Stealth
   502 | D:1      | Reached XP level 3. HP: 24/27 MP: 3/3
   816 | D:2      | Reached skill level 8 in Stealth
  1035 | D:2      | Found a snail-covered altar of Cheibriados.
  1254 | D:2      | Reached XP level 4. HP: 33/33 MP: 4/4
  1602 | D:3      | Reached skill level 9 in Stealth
  1847 | D:3      | Found a glowing golden altar of the Shining One.
  1848 | D:3      | Found a sparkling altar of Nemelex Xobeh.
  1848 | D:3      | Found a deep blue altar of Sif Muna.
  1848 | D:3      | Found a shimmering altar of Xom.
  1855 | D:3      | Found an iron altar of Okawaru.
  1855 | D:3      | Found a white marble altar of Elyvilon.
  1980 | D:3      | Noticed shane's ghost (amateur DsGl)
  1991 | D:3      | Mangled by shane's ghost

Action                   |  1- 3 |  4- 6 || total
-------------------------+-------+-------++-------
Melee: Dagger            |   157 |    66 ||   223
 Fire: Blowgun           |    10 |     8 ||    18
  Use: Potion            |       |     1 ||     1
 Stab: Sleeping          |     9 |     4 ||    13
  Eat: Corpse            |    12 |     7 ||    19
